 Dungeon Crawl Stone Soup version 0.16.1-2-g95b8d4c (webtiles) character file.

220 karlm the Bolt Thrower (level 5, 0/46 HPs)
             Began as a Centaur Hunter on Mar 25, 2015.
             Slain by Natasha (8 damage)
             ... on level 2 of the Dungeon.
             The game lasted 00:15:06 (5397 turns).

karlm the Bolt Thrower (Centaur Hunter)             Turns: 5397, Time: 00:15:06

Health: 0/46       AC:  9    Str: 19    XL:     5   Next: 64%
Magic:  4/4        EV:  8    Int: 10    God:
Gold:   148        SH:  0    Dex: 10    Spells: 0 memorised, 4 levels left

rFire  . . .     SeeInvis .     t - -1 short sword (curse)
rCold  . . .     Clarity  .     q - +3 ring mail
rNeg   . . .     SustAb   .     (no shield)
rPois  .         Gourm    .     (no helmet)
rElec  .         Spirit   .     (no cloak)
rCorr  .         Warding  .     h - +0 pair of gloves
rMut   .         Stasis   .     (no barding)
MR     .....                    (no amulet)
Stlth  ..........               (no ring)
                                r - +4 ring of strength (curse)

@: very quick, not resistant to hostile enchantments, extremely unstealthy
A: hooves 3, deformed body, speed 2, tough skin 3
a: no special abilities


You were on level 2 of the Dungeon.
You were not hungry.

You visited 1 branch of the dungeon, and saw 4 of its levels.

You collected 148 gold pieces.

Inventory:

Hand weapons
 a - a +0 short sword
 b - a +1 hand crossbow
 p - a +0 trident
 t - a cursed -1 short sword (weapon)
Missiles
 c - 14 bolts
 m - 48 stones (quivered)
Armour
 h - a +0 pair of gloves (worn)
 n - a +0 plate armour
 q - a +3 ring mail (worn)
Jewellery
 r - a cursed +4 ring of strength (left hand)
Scrolls
 i - 2 scrolls of identify
 k - a scroll of teleportation
 s - a scroll of blinking
Potions
 d - a potion of lignification {unknown}
 e - 2 potions of invisibility {unknown}
 g - 2 potions of curing
 o - a potion of might {unknown}
Comestibles
 f - 6 bread rations
 j - a beef jerky
 l - 3 meat rations
 u - a chunk of flesh


   Skills:
 + Level 3.8 Fighting
 * Level 1.0 Polearms
 * Level 5.7 Crossbows
 - Level 1.3 Dodging
 - Level 2.0 Stealth


You had 4 spell levels left.
You didn't know any spells.

Dungeon Overview and Level Annotations

Branches:
Dungeon (4/15)
 Temple: D:4-7

Altars:
Fedhas
Yredelemnul

Annotations:
D:2 Natasha
D:4 McCoppin's ghost, experienced NaGl


Innate Abilities, Weirdness & Mutations

You have hooves in place of feet.
Armour fits poorly on your strangely shaped body.
You cover ground very quickly.
You have extremely tough skin (AC +3).


Message History

Natasha, Servant of Life and Death comes into view.
Natasha hisses angrily.
Natasha casts a spell.
Natasha claws you.
You barely miss Natasha. Natasha barely misses you.
You barely miss Natasha. Natasha claws you.
You closely miss Natasha. You kick Natasha, but do no damage.
Natasha claws you but does no damage.
You hit Natasha.
Natasha is moderately wounded.
Natasha stares at you and mumbles some strange words.
The magic dart hits you!
* * * LOW HITPOINT WARNING * * *
You hit Natasha but do no damage.
Natasha is moderately wounded.
Natasha casts a spell.
You closely miss Natasha. You kick Natasha.
Natasha is heavily wounded.
Natasha claws you!
You die...

...5...h..÷......#
h#+#############.#
§#.##<##.......#.#
.#.##.##.#...#.#.#
.#.##.##.#.#.#.#.#
.#.##.##.......#.#
.#.##.#........#5#
...##..........#h#
.####.#.####.#.#@#
................5#
..............>###
#.######..##.###
#.# #........# #.#
#.########### #o#
#.# #....# #.# #.#
#.##.# #.# #.#
#.##.#


You could see Natasha, a crimson imp and a shadow imp.

Vanquished Creatures
  An orc wizard (D:2)
  Natasha (D:2)
  A worker ant (D:3)
  6 adders
  2 worms
  4 giant geckos
  6 orcs
  13 bats
  6 giant cockroaches
  6 goblins
  7 hobgoblins
  6 kobolds
  3 ball pythons
  4 giant newts
  A quokka (D:2)
  12 rats
79 creatures vanquished.

Notes
Turn   | Place    | Note
--------------------------------------------------------------
     0 | D:1      | karlm, the Centaur Hunter, began the quest for the Orb.
     0 | D:1      | Reached XP level 1. HP: 17/17 MP: 1/1
   547 | D:1      | Reached skill level 1 in Stealth
   706 | D:1      | Reached XP level 2. HP: 24/24 MP: 2/2
  1154 | D:2      | Reached XP level 3. HP: 27/29 MP: 3/3
  1828 | D:3      | Noticed Natasha
  2362 | D:3      | Found a basalt altar of Yredelemnul.
  2439 | D:3      | Reached XP level 4. HP: 27/37 MP: 3/3
  3187 | D:3      | Reached skill level 5 in Crossbows
  3678 | D:3      | Found a blossoming altar of Fedhas.
  3976 | D:3      | Reached XP level 5. HP: 33/45 MP: 4/4
  4325 | D:4      | Noticed McCoppin's ghost (experienced NaGl)
  4450 | D:4      | Noticed an ogre
  5300 | D:2      | Killed Natasha
  5300 | D:2      | Reached skill level 1 in Polearms
  5390 | D:2      | Noticed Natasha
  5397 | D:2      | Slain by Natasha

Action                   |  1- 3 |  4- 6 || total
-------------------------+-------+-------++-------
Melee: Short sword       |   129 |   229 ||   358
       Unarmed           |    25 |       ||    25
 Fire: Hand crossbow     |    33 |       ||    33
  Use: Scroll            |     4 |     3 ||     7
       Potion            |       |     1 ||     1
  Eat: Chunk             |     3 |    10 ||    13
